 Dungeon Crawl Stone Soup version 0.28.0 (webtiles) character file.

Game seed: 1138597117716873919

1733 Ayyar the Cudgeller (level 9, -1/73 HPs)
             Began as a Gnoll Cinder Acolyte on Mar 30, 2022.
             Was an Elder of Ignis.
             Slain by a two-headed ogre (18 damage)
             ... on level 6 of the Dungeon.
             The game lasted 00:24:52 (7297 turns).

Ayyar the Cudgeller (Gnoll Cinder Acolyte)          Turns: 7297, Time: 00:24:53

Health: -1/73      AC: 17    Str: 18    XL:     9   Next: 5%
Magic:  11/16      EV: 12    Int: 14    God:    Ignis [****..]
Gold:   184        SH:  4    Dex:  7    Spells: 15/17 levels left

rFire   + + .      SeeInvis .   a - -1 mace (flame)
rCold   . . .      Faith    .   B - +0 buckler
rNeg    . . .      Spirit   .   K - +0 steam dragon scales
rPois   +          Reflect  .   (no helmet)
rElec   .          Harm     .   n - +2 cloak {rPois}
rCorr   .          Rampage  .   (no gloves)
Will    .....                   v - +0 pair of boots
Stlth   ++........              (no amulet)
HPRegen 0.22/turn               A - ring of protection from fire
MPRegen 0.15/turn               (no ring)

@: fiery-armoured
A: fangs 1, strong nose, distributed training
a: Renounce Religion, Fiery Armour, Foxfire Swarm, Rising Flame


You were on level 6 of the Dungeon.
You worshipped Ignis.
Ignis was greatly pleased with you.
You visited 1 branch of the dungeon, and saw 6 of its levels.

You collected 229 gold pieces.
You spent 45 gold pieces at shops.

Inventory:

Hand Weapons
 a - a -1 mace of flaming (weapon)
 h - a +3 scythe of venom
 x - a +3 trident
Missiles
 l - 2 throwing nets (quivered)
 C - 2 boomerangs of dispersal
Armour
 n - a +2 cloak of poison resistance (worn)
 v - a +0 pair of boots (worn)
 B - a +0 buckler (worn)
 I - a +0 kite shield
 K - +0 steam dragon scales (worn)
Jewellery
 o - a ring of flight
 A - a ring of protection from fire (left hand)
 G - a +4 ring of protection
Wands
 k - a wand of paralysis (8)
 y - a wand of iceblast (11)
Scrolls
 e - 3 scrolls of identify {unknown}
 g - 4 scrolls of vulnerability {unknown}
 j - a scroll of summoning {unknown}
 m - 5 scrolls of teleportation {unknown}
 q - a scroll of enchant weapon {unknown}
 r - a scroll of amnesia {unknown}
 u - 4 scrolls of fog {unknown}
 w - a scroll of blinking {unknown}
 E - a scroll of fear {unknown}
 F - a scroll of acquirement {unknown}
 H - a scroll of magic mapping {unknown}
 J - a scroll of noise {unknown}
Potions
 c - 3 potions of curing
 d - a potion of lignification {unknown}
 f - a potion of heal wounds {unknown}
 i - 2 potions of attraction
 p - a potion of cancellation {unknown}
 s - 2 potions of brilliance {unknown}
 t - 2 potions of might {unknown}
 z - a potion of degeneration {unknown}
 D - a potion of magic {unknown}


   Skills:
 + Level 7.6 Fighting
 + Level 3.8 Short Blades
 + Level 3.8 Long Blades
 + Level 3.8 Axes
 + Level 7.6 Maces & Flails
 + Level 3.8 Polearms
 + Level 3.8 Staves
 + Level 3.8 Slings
 + Level 3.8 Bows
 + Level 3.8 Crossbows
 + Level 3.8 Throwing
 + Level 3.8 Armour
 + Level 3.8 Dodging
 + Level 3.8 Stealth
 + Level 3.8 Shields
 + Level 3.8 Unarmed Combat
 + Level 4.8 Spellcasting
 + Level 3.1 Conjurations
 + Level 3.1 Hexes
 + Level 3.1 Summonings
 + Level 3.1 Necromancy
 + Level 3.1 Translocations
 + Level 3.1 Transmutations
 + Level 6.3 Fire Magic
 + Level 3.1 Ice Magic
 + Level 3.1 Air Magic
 + Level 3.1 Earth Magic
 + Level 3.1 Poison Magic
 + Level 4.2 Invocations
 + Level 3.8 Evocations


You had 15 spell levels left.
You knew the following spells:

 Your Spells              Type           Power      Damage    Failure   Level
a - Scorch                Fire           42%        2d7       2%          2

Your spell library contained the following spells:

 Spells                   Type           Power      Damage    Failure   Level
 Animate Skeleton         Necr           24%        N/A       6%          1
 Apportation              Tloc           24%        N/A       6%          1
 Summon Small Mammal      Summ           48%        N/A       6%          1


Dungeon Overview and Level Annotations

Branches:
Dungeon (6/15)             Temple (0/1) D:5

Altars:
Nemelex Xobeh
Qazlal
Ru

Shops:
D:6 !


Innate Abilities, Weirdness & Mutations

You have very sharp teeth.
Your uncanny sense of smell can sniff out nearby items.
Your experience applies equally to all skills.


Message History

There is an open gate here.
Activating: Foxfire Swarm
Press: ? - help, Dir - look around, f - activate Flames leap up around you!
The foxfire hits the two-headed ogre.
The two-headed ogre is burned terribly!
The two-headed ogre is moderately wounded.
You hit the two-headed ogre but do no damage.
You bite the two-headed ogre.
The two-headed ogre is moderately wounded.
The howler monkey is no longer more vulnerable to fire.
The foxfire hits the two-headed ogre!
The two-headed ogre is burned terribly!
The two-headed ogre is moderately wounded.
The foxfire hits the two-headed ogre but does no damage.
The two-headed ogre is moderately wounded.
The foxfire hits the two-headed ogre.
The two-headed ogre is burned terribly!
The two-headed ogre is heavily wounded.
The foxfire hits the two-headed ogre.
The two-headed ogre is burned terribly!
The two-headed ogre is heavily wounded.
The foxfire hits the two-headed ogre but does no damage.
The two-headed ogre is heavily wounded.
The foxfire hits the two-headed ogre!
The two-headed ogre is burned terribly!
The two-headed ogre is severely wounded.
The foxfire hits the two-headed ogre but does no damage.
The two-headed ogre is severely wounded.
The foxfire hits the two-headed ogre.
The two-headed ogre is burned terribly!
The two-headed ogre is severely wounded.
The foxfire hits the two-headed ogre.
The two-headed ogre is burned terribly!
The two-headed ogre is severely wounded.
The foxfire hits the two-headed ogre.
The two-headed ogre is burned terribly!
The two-headed ogre is almost dead.
You hit the two-headed ogre. You burn the two-headed ogre.
The two-headed ogre is almost dead.
The foxfire hits the two-headed ogre but does no damage.
The two-headed ogre is almost dead.
The two-headed ogre hits you with a +0 giant club!
* * * LOW HITPOINT WARNING * * *
You block the two-headed ogre's attack.
A protective cloak of flame settles atop you.
The two-headed ogre hits you with a +0 giant club!!
You die...

####........
##..#........
#....##......
#....##......
#....#..##...
#######....#..##...
#..)..........#....
#.hO###............
###'@'####........
.
#.......#...h....#
.
#.PPP.P.#.......##
.
#.P...P.#.###....#
#.P._.P.#. .....
#.......#. ....
#########. ....


You could see a two-headed ogre (combustible) and a howler monkey.

Vanquished Creatures
  Sigmund (D:2)
  A steam dragon (D:6)
  2 black bears (D:5)
  An ogre (D:4)
  2 centaurs
  2 phantoms
  2 scorpions
  2 gnoll sergeants
  A centaur zombie (D:6)
  A centaur skeleton (D:5)
  3 hounds
  An orc priest (D:4)
  Crazy Yiuf (D:2)
  Ijyb (D:4)
  2 iguanas (D:5)
  2 orc wizards
  A scorpion zombie (D:5)
  9 gnolls
  6 adders
  A white imp (D:4)
  An ufetubus (D:6)
  2 adder skeletons (D:4)
  A worm (D:2)
  2 dart slugs
  9 orcs
  7 bats
  4 endoplasms
  3 giant cockroaches
  5 goblins
  5 hobgoblins
  10 jackals
  6 kobolds
  4 quokkas
  5 ball pythons
  7 frilled lizards
  A quokka skeleton (D:4)
  5 rats
  A bush (D:5)
120 creatures vanquished.

Vanquished Creatures (collateral kills)
  2 foxfires (D:6)
2 creatures vanquished.

Vanquished Creatures (others)
  A bullfrog (D:6)
  26 foxfires
  A plant (D:6)
28 creatures vanquished.

Grand Total: 150 creatures vanquished

Notes
Turn   | Place    | Note
-------+----------+-------------------------------------------
     0 | D:1      | Ayyar the Gnoll Cinder Acolyte began the quest for the Orb.
     0 | D:1      | Reached XP level 1. HP: 23/23 MP: 4/4
   238 | D:1      | You fall into a shaft and drop 1 floor!
   446 | D:1      | Reached XP level 2. HP: 16/29 MP: 5/5
  1069 | D:2      | Learned a level 2 spell: Scorch
  1155 | D:2      | Noticed Sigmund
  1198 | D:2      | Killed Sigmund
  1199 | D:2      | Reached skill level 1 in Short Blades
  1199 | D:2      | Reached skill level 1 in Long Blades
  1199 | D:2      | Reached skill level 1 in Axes
  1199 | D:2      | Reached skill level 1 in Polearms
  1199 | D:2      | Reached skill level 1 in Staves
  1199 | D:2      | Reached skill level 1 in Slings
  1199 | D:2      | Reached skill level 1 in Bows
  1199 | D:2      | Reached skill level 1 in Crossbows
  1199 | D:2      | Reached skill level 1 in Throwing
  1199 | D:2      | Reached skill level 1 in Armour
  1199 | D:2      | Reached skill level 1 in Dodging
  1199 | D:2      | Reached skill level 1 in Stealth
  1199 | D:2      | Reached skill level 1 in Shields
  1199 | D:2      | Reached skill level 1 in Unarmed Combat
  1199 | D:2      | Reached skill level 1 in Conjurations
  1199 | D:2      | Reached skill level 1 in Hexes
  1199 | D:2      | Reached skill level 1 in Summonings
  1199 | D:2      | Reached skill level 1 in Necromancy
  1199 | D:2      | Reached skill level 1 in Translocations
  1199 | D:2      | Reached skill level 1 in Transmutations
  1199 | D:2      | Reached skill level 1 in Ice Magic
  1199 | D:2      | Reached skill level 1 in Air Magic
  1199 | D:2      | Reached skill level 1 in Earth Magic
  1199 | D:2      | Reached skill level 1 in Poison Magic
  1199 | D:2      | Reached skill level 1 in Invocations
  1199 | D:2      | Reached skill level 1 in Evocations
  1199 | D:2      | Reached XP level 3. HP: 33/35 MP: 3/7
  1199 | D:2      | Reached XP level 4. HP: 39/41 MP: 3/8
  1199 | D:2      | Reached XP level 5. HP: 45/47 MP: 3/9
  1755 | D:2      | Found a runed translucent door.
  1756 | D:2      | Noticed Crazy Yiuf
  1783 | D:2      | Reached XP level 6. HP: 53/53 MP: 7/10
  1824 | D:2      | Killed Crazy Yiuf
  2984 | D:3      | Found a sacrificial altar of Ru.
  3451 | D:4      | Identified the +0 leather armour of Elitism {Harm Fly
                  | Stlth-}
  3758 | D:4      | Found a stormy altar of Qazlal.
  3776 | D:4      | Reached XP level 7. HP: 59/59 MP: 7/12
  3861 | D:4      | Noticed Ijyb
  3867 | D:4      | Killed Ijyb
  4422 | D:5      | Entered Level 5 of the Dungeon
  5034 | D:5      | Reached XP level 8. HP: 67/67 MP: 14/14
  5610 | D:5      | Found a staircase to the Ecumenical Temple.
  6939 | D:6      | Found Iwnion's Distillery.
  6942 | D:6      | Bought a potion of attraction for 45 gold pieces
  6953 | D:6      | Noticed a two-headed ogre
  7198 | D:6      | Reached XP level 9. HP: 58/72 MP: 16/16
  7261 | D:6      | Found a sparkling altar of Nemelex Xobeh.
  7297 | D:6      | Slain by a two-headed ogre

Illustrated notes

Levels and vault maps discovered:
D:1:      minmay_arrival_open_corners, layout_loops_ring, hangedman_decor_push
D:2:      kennysheep_big_flooded_room, layout_basic, amcnicky_mini_pool_small,
          minmay_fountain_box, uniq_crazy_yiuf_cottage, uniq_sigmund
D:3:      layout_loops_ring, nicolae_ru_great_annihilating_truth,
          kennysheep_generic_room_14
D:4:      layout_loops_cross, nicolae_qazlal_scattered_showers, uniq_ijyb
D:5:      layout_loops_ring, minmay_temple_entry_arrows,
          kb_lookout_dungeons_type
D:6:      layout_cave_pools, mainiacjoe_overflow_alcove_4, serial_shops,
          nicolae_shop_behind_doors, kennysheep_mini, nicolae_shop_hallway_plus

Skill      XL: |  1  2  3  4  5  6  7  8 |
---------------+-------------------------+-----
Short Blades   | 1 2 3 |  3.8
Long Blades    | 1 2 3 |  3.8
Axes           | 1 2 3 |  3.8
Polearms       | 1 2 3 |  3.8
Staves         | 1 2 3 |  3.8
Slings         | 1 2 3 |  3.8
Bows           | 1 2 3 |  3.8
Crossbows      | 1 2 3 |  3.8
Throwing       | 1 2 3 |  3.8
Armour         | 1 2 3 |  3.8
Dodging        | 1 2 3 |  3.8
Stealth        | 1 2 3 |  3.8
Shields        | 1 2 3 |  3.8
Unarmed Combat | 1 2 3 |  3.8
Spellcasting   | 3 4 |  4.8
Conjurations   | 1 2 3 |  3.1
Hexes          | 1 2 3 |  3.1
Summonings     | 1 2 3 |  3.1
Necromancy     | 1 2 3 |  3.1
Translocations | 1 2 3 |  3.1
Transmutations | 1 2 3 |  3.1
Ice Magic      | 1 2 3 |  3.1
Air Magic      | 1 2 3 |  3.1
Earth Magic    | 1 2 3 |  3.1
Poison Magic   | 1 2 3 |  3.1
Invocations    | 1 2 3 4 |  4.2
Evocations     | 1 2 3 |  3.8
Fighting       | 7 |  7.6
Maces & Flails | 7 |  7.6
Fire Magic     | 6 |  6.3

Action                   |  1- 3 |  4- 6 |  7- 9 || total
-------------------------+-------+-------+-------++-------
Melee: Mace              |    53 |    64 |   179 ||   296
       Bite              |     2 |     4 |    26 ||    32
       Punch             |     1 |       |       ||     1
Throw: Throwing net      |       |       |     3 ||     3
 Cast: Scorch            |     3 |    50 |    91 ||   144
Invok: Foxfire Swarm     |     1 |       |     1 ||     2
       Fiery Armour      |       |     1 |     1 ||     2
 Stab: Sleeping          |       |     1 |       ||     1
Armor: Robe              |    17 |    22 |    57 ||    96
       Steam dragon scal |       |       |    19 ||    19
Dodge: Dodged            |    28 |    58 |   142 ||   228
Block: Buckler           |       |       |    40 ||    40
